 Dungeon Crawl Stone Soup version 0.25-a0-990-g0adbbaad2a (console) character file.

Game seed: 8191851911405515022, levelgen mode: classic

363612 Duffy the Severer (level 22, -1/210 HPs)
             Began as a Naga Fighter on May 10, 2020.
             Was the Champion of Makhleb.
             Blown up by Boris (40 damage)
             ... with a wavering orb of destruction
             ... on level 1 of the Depths.
             The game lasted 01:00:32 (46981 turns).

Duffy the Severer (Naga Fighter)                   Turns: 46981, Time: 01:00:32

Health: -1/210     AC: 43    Str: 20    XL:     22   Next: 83%
Magic:  0/29       EV: 13    Int: 17    God:    Makhleb [******]
Gold:   8564       SH: 20    Dex: 20    Spells: 21/21 levels left

rFire    + + +     SeeInvis +   a - +8 war axe (vamp)
rCold    + + .     Gourm    .   x - +0 tower shield
rNeg     . . .     Faith    .   h - +7 plate armour "Wuophogg" {rPois rF++ rC+}
rPois    +         Spirit   +   L - +2 helmet
rElec    +         Reflect  .   U - scarf {rC+ rF+}
rCorr    .         Harm     .   y - +0 pair of gloves {Dex+3}
MR       ++...                  (no barding)
Stlth    ..........             k - amulet of Bodudgh {Spirit rElec Dex+4 SInv}
HPRegen  0.45/turn              s - +6 ring of protection
MPRegen  0.21/turn              t - +6 ring of protection

@: very slow
A: large, see invisible, agile 1, deformed body, poison resistance, slowness 2,
slow metabolism 1, spit poison 1, evolution 1, constrict 1, AC +7
}: 1/15 runes: gossamer
a: Spit Poison, Minor Destruction, Lesser Servant of Makhleb, Major Destruction,
Greater Servant of Makhleb, Renounce Religion


You were on level 1 of the Depths.
You worshipped Makhleb.
Makhleb was exalted by your worship.
You were full.

You visited 8 branches of the dungeon, and saw 36 of its levels.
You also visited: Trove, Ossuary, Ice Cave and Volcano.

You collected 11192 gold pieces.
You spent 2628 gold pieces at shops.

Inventory:

Hand Weapons
 a - a +8 vampiric war axe (weapon)
Missiles
 F - a throwing net (quivered)
Armour
 h - the +7 plate armour "Wuophogg" (worn) {rPois rF++ rC+}
   (You found it on level 3 of the Elven Halls)

   It greatly protects you from fire.
   It protects you from cold.
   It protects you from poison.
 x - a +0 tower shield (worn)
 y - a +0 pair of gloves of dexterity (worn)
 L - a +2 helmet (worn)
 U - a scarf of resistance (worn)
Jewellery
 k - the amulet of Bodudgh (around neck) {Spirit rElec Dex+4 SInv}
   (You found it in a treasure trove)

   [amulet of guardian spirit]

   It causes incoming damage to be split between your health and magic.
   It affects your dexterity (+4).
   It insulates you from electricity.
   It lets you see invisible.
 s - a +6 ring of protection (left hand)
 t - a +6 ring of protection (right hand)
 v - an uncursed ring of protection from magic
 R - an uncursed ring of resist corrosion
Wands
 c - a wand of disintegration (17)
 d - a wand of paralysis (10)
 j - a wand of acid (11)
 I - a wand of digging (2)
 Y - a wand of iceblast (16)
Scrolls
 g - 5 scrolls of blinking
 i - a scroll of magic mapping
 l - 5 scrolls of fog
 m - 15 scrolls of teleportation
 n - 11 scrolls of remove curse
 B - 3 scrolls of immolation
 C - 8 scrolls of silence
 G - 3 scrolls of fear
 K - 3 scrolls of summoning
 P - 11 scrolls of identify
 X - 2 scrolls of vulnerability
Potions
 e - 10 potions of heal wounds
 p - 4 potions of haste
 q - 13 potions of flight
 r - 4 potions of cancellation
 z - 2 potions of invisibility
 A - 14 potions of curing
 E - a potion of resistance
 H - 2 potions of magic
 Q - 4 potions of ambrosia
 S - 6 potions of might
 T - 3 potions of brilliance
 V - 7 potions of berserk rage
Miscellaneous
 o - a phial of floods
 M - a tin of tremorstones
 W - a lightning rod (4/4)
 Z - a phantom mirror
Comestibles
 b - 12 chunks of flesh
 f - 44 rations


   Skills:
 - Level 15.0 Fighting
 - Level 16.0 Axes
 - Level 15.0 Armour
 + Level 14.6 Dodging
 - Level 15.0 Shields
 - Level 7.0 Invocations
 - Level 10.0 Evocations


You had 21 spell levels left.
You didn't know any spells.
Your spell library contained the following spells:

 Spells                   Type           Power        Failure   Level  Hunger
 Animate Skeleton         Necr           N/A          95%         1    ##.....
 Beastly Appendage        Tmut           #.....       95%         1    ##.....
 Corona                   Hex            #......      95%         1    ##.....
 Infusion                 Chrm           #...         95%         1    ##.....
 Magic Dart               Conj           #...         95%         1    ##.....
 Ensorcelled Hibernation  Hex/Ice        #.....       99%         2    ###....
 Passwall                 Tmut/Erth      #.......     99%         2    ###....
 Shroud of Golubria       Chrm/Tloc      #.....       99%         2    ###....
 Song of Slaying          Chrm           #.......     99%         2    ###....
 Sticks to Snakes         Tmut           #.......     99%         2    ###....
 Swiftness                Chrm/Air       #.......     99%         2    ###....
 Confusing Touch          Hex            #.......     100%        3    ####...
 Dazzling Flash           Conj/Hex       #.....       100%        3    ####...
 Gell's Gravitas          Tloc           #.........   100%        3    ####...
 Ozocubu's Armour         Chrm/Ice       #.......     100%        3    ####...
 Recall                   Summ/Tloc      N/A          100%        3    ####...
 Spectral Weapon          Hex/Chrm       #.......     100%        3    ####...
 Spider Form              Tmut/Pois      #.........   100%        3    ####...
 Tukima's Dance           Hex            #.......     100%        3    ####...
 Cause Fear               Hex            #.........   100%        4    #####..
 Ice Form                 Ice/Tmut       #.......     100%        4    #####..
 Iskenderun's Mystic Bla  Conj/Tloc      #.......     100%        4    #####..
 Petrify                  Tmut/Erth      #.......     100%        4    #####..
 Summon Ice Beast         Ice/Summ       #.......     100%        4    #####..
 Aura of Abjuration       Summ           #.........   100%        5    ######.
 Blade Hands              Tmut           #.........   100%        5    ######.
 Iskenderun's Battlesphe  Conj/Chrm      #.......     100%        5    ######.
 Metabolic Englaciation   Hex/Ice        #.........   100%        5    ######.
 Silence                  Hex/Air        #.........   100%        5    ######.
 Yara's Violent Unravell  Hex/Tmut       #.........   100%        5    ######.
 Darkness                 Hex            #.........   100%        6    #######
 Hydra Form               Tmut           #.........   100%        6    #######
 Statue Form              Tmut/Erth      #........    100%        6    #######
 Discord                  Hex            #.........   100%        8    #######


Dungeon Overview and Level Annotations

Branches:
Dungeon (15/15)            Temple (1/1) D:6            Lair (6/6) D:9
  Swamp (0/4) Lair:4       Spider (4/4) Lair:3        Slime (0/5) Lair:6
    Orc (2/2) D:12            Elf (3/3) Orc:2        Vaults (4/5) D:13
  Crypt (0/3) Vaults:2     Depths (1/5) D:15        Ossuary (visited)
  IceCv (visited)         Volcano (visited)

Altars:
Ashenzari
Cheibriados
Dithmenos
Elyvilon
Fedhas
Gozag
Hepliaklqana
Kikubaaqudgha
Makhleb
Nemelex Xobeh
Okawaru
Qazlal
Ru
Sif Muna
Trog
Uskayaw
Vehumet
Wu Jian
Xom
Yredelemnul
Zin
The Shining One
Beogh

Shops:
D:4 %   D:12 *[   Orc:1 (!   Orc:2 (*(([   Elf:3 *   Vaults:1 *   Vaults:3 (

Portals:
Pandemonium: Depths:1

Annotations:
Lair:4 exclusion: 3 oklob plants
Vaults:4 8 runed translucent doors, Owio's ghost, adept MiGl


Innate Abilities, Weirdness & Mutations

You cannot wear boots.
Your serpentine skin is tough. (AC +7)
You have supernaturally acute eyesight. (SInv)
Armour fits poorly on your strangely shaped body.
Your system is resistant to poisons. (rPois)
You cover ground very slowly.
You have a slow metabolism.
You can spit poison.
You can use your snake-like lower body to constrict enemies.
You are agile. (Dex +2)
You evolve.


Message History

Boris touches you but does no damage.
You hit Boris.
Boris is almost destroyed.
You constrict Boris, but do no damage.
Boris conjures an orb of pure magic.
An orb of destruction comes into view.
You completely miss Boris.
Boris is almost destroyed.
You constrict Boris.
The yaktaur shoots a bolt.
You block the bolt.
The yaktaur captain shoots a bolt.
The bolt hits you but does no damage.
You slash Boris!
Boris is almost destroyed.
You constrict Boris!
You destroy Boris!
Makhleb accepts your kill.
You feel better.
Boris says, "Kill me?
I think not!"
Your life force feels restored.
The wavering orb of destruction hits you!!!
You die...

......... ....
..............
###............#
.. #.............#
.. ..
#.......#.....# ..
.. #.......#.....#
##. ..
c.....[....# .##..
.
c....>0@...###.#.#
#####
..........##...#.#
##[.).
.............#...#
#.####
.............#...#
#.#...
........##..###..#
#.\.##
......####### #..#
##...# ....##
#..##...#.# #...
#..######.# #.
#..'.....##


You could see a yaktaur captain and a yaktaur.

Vanquished Creatures
  Mara (Spider:4)
  Boris (twice) (Vaults:2 Depths:1)
  Margery (Vaults:4)
  Saint Roka (Orc:2)
  Nikola (Spider:1)
  Arachne (Spider:4)
  A bone dragon (Vaults:2)
  Rupert (Lair:3)
  An Ice Fiend (IceCv)
  5 deep elf blademasters
  3 deep elf master archers (Elf:3)
  Roxanne (Spider:4)
  A storm dragon (Vaults:2)
  5 tengu reavers
  A draconian knight (Vaults:4)
  5 deep elf sorcerers (Elf:3)
  2 orc warlords
  A fire giant (Vaults:3)
  2 frost giants
  Louise (Spider:1)
  7 vault wardens
  Aizul (Vaults:1)
  An emperor scorpion (Spider:4)
  A ghost moth (Spider:4)
  2 deep elf elementalists
  8 very ugly things
  8 ironheart preservers
  5 entropy weavers
  4 stone giants
  2 vampire knights (Vaults:4)
  2 spark wasps (Spider:4)
  A dire elephant (D:15)
  8 deep elf annihilators
  3 ettins
  5 deep elf death magi
  6 yaktaur captains
  2 fire dragons
  2 deep elf high priests
  A rakshasa (Vaults:3)
  4 hydras
  A monstrous demonspawn (Depths:1)
  4 vault guards
  2 ice dragons (Vaults:2)
  8 centaur warriors
  2 catoblepae
  2 death knights
  15 two-headed ogres
  2 tengu warriors
  3 ogre magi
  A queen ant (Lair:4)
  28 dancing weapons
  2 deep troll shamans (Vaults:1)
  Erica (Orc:1)
  2 orc high priests (Orc:2)
  Urug (D:11)
  9 hell knights (Vaults:4)
  3 shadow wraiths
  22 deep elf knights
  A sixfirhy (Depths:1)
  A deep troll (Vaults:1)
  3 skeletal warriors
  An unseen horror (shapeshifter) (D:14)
  A gelid demonspawn (Depths:1)
  3 unseen horrors
  16 ironbrand convokers
  2 flayed ghosts (Vaults:4)
  An anaconda skeleton (Volcano)
  5 wizards
  A phantasmal warrior (Vaults:4)
  A lindwurm (Lair:6)
  11 orb spiders
  17 deep elf archers
  63 deep elf magi
  2 necromancers (Vaults:4)
  11 orc knights
  31 wolf spiders
  3 wolf spider zombies
  4 orc sorcerers
  3 cyclopes
  3 manticores
  33 ugly things
  13 slime creatures
  An oklob plant (Lair:4)
  3 moths of wrath
  10 black mambas
  5 elephants
  3 ice statues (IceCv)
  A black mamba (shapeshifter) (Elf:1)
  7 molten gargoyles
  13 vault sentinels
  5 gargoyles
  9 spiny frogs
  2 kobold demonologists (D:15)
  8 yaktaurs
  An efreet (D:15)
  A rime drake (Lair:6)
  15 demonic crawlers
  5 freezing wraiths
  11 ice devils
  12 komodo dragons
  An anaconda simulacrum (IceCv)
  A golden dragon simulacrum (IceCv)
  A tormentor (Depths:1)
  A redback zombie (D:14)
  7 trolls
  A queen bee (shapeshifter) (Elf:1)
  A merfolk (D:15)
  A tengu conjurer (D:15)
  30 jumping spiders
  3 meliai (D:14)
  A queen bee (Spider:2)
  A jumping spider (shapeshifter) (Vaults:4)
  11 hornets
  A hornet (shapeshifter) (Vaults:1)
  A wolf spider simulacrum (D:15)
  A bog body (Lair:4)
  11 blink frogs
  A harpy skeleton (Volcano)
  12 hippogriffs
  A stone giant simulacrum (Vaults:4)
  A snapping turtle (shapeshifter) (Vaults:3)
  An air elemental (Elf:3)
  74 redbacks
  2 flying skulls (Volcano)
  A tarantella (shapeshifter) (Vaults:3)
  24 tarantellas
  A fire elemental (Elf:3)
  3 water elementals
  25 yaks
  A shadow (D:13)
  A dire elephant simulacrum (IceCv)
  3 hogs (D:7)
  A yak (shapeshifter) (Elf:1)
  3 wraiths
  5 wyverns
  A redback simulacrum (D:15)
  A human (D:7)
  2 steam dragons (Lair:6)
  8 vampire mosquitoes (D:15)
  5 basilisks
  2 hungry ghosts
  2 iron troll simulacra (IceCv)
  3 harpy simulacra (IceCv)
  4 wargs
  2 hydra simulacra (IceCv)
  3 acid dragons
  14 water moccasins
  20 soldier ants
  Duvessa (D:7)
  10 porcupines
  4 hell hounds (Lair:6)
  A black bear (shapeshifter) (Vaults:4)
  52 orc warriors
  A water moccasin (shapeshifter) (Vaults:3)
  3 eyes of draining
  4 sky beasts
  An ettin simulacrum (Vaults:4)
  5 ice beasts
  A tengu (shapeshifter) (Vaults:1)
  A black bear (D:6)
  14 ogres
  6 phantoms
  An eye of draining (shapeshifter) (Vaults:1)
  12 wolves
  3 boggarts (Vaults:3)
  29 centaurs
  10 crocodiles
  6 big kobolds
  12 bullfrogs
  2 wyvern zombies
  A water moccasin zombie (D:6)
  Dowan (D:7)
  2 earth elementals
  A wyvern skeleton (D:9)
  9 scorpions
  A water moccasin skeleton (D:6)
  17 killer bees
  A spriggan skeleton (Volcano)
  A troll skeleton (Volcano)
  7 howler monkeys
  7 wights
  5 electric eels (D:8)
  5 lava snakes (Lair:6)
  5 crimson imps
  2 bullfrog zombies
  7 centaur zombies
  13 hounds
  7 jellies
  A gnoll shaman (D:7)
  4 centaur skeletons
  24 orc priests
  16 orc wizards
  3 bullfrog skeletons
  2 iron imps (Depths:1)
  Ijyb (D:5)
  3 iguanas
  26 worker ants
  4 big kobold zombies (Ossuary)
  A naga skeleton (Volcano)
  A hound zombie (D:10)
  6 mummies
  A worker ant zombie (D:5)
  Robin (D:2)
  13 adders
  10 gnolls
  A howler monkey skeleton (D:8)
  6 shadow imps
  2 ufetubi (Depths:1)
  3 oozes
  An adder skeleton (D:8)
  7 worms
  3 dart slugs
  4 leopard geckos
  116 orcs
  3 ball pythons
  A bat zombie (D:6)
  9 giant cockroaches
  4 hobgoblins
  21 jackals
  11 quokkas
  16 bats
  3 frilled lizards
  18 goblins
  2 hobgoblin zombies (Ossuary)
  22 kobolds
  A leopard gecko skeleton (D:7)
  A quokka zombie (D:6)
  6 rats
  A rat zombie (D:6)
  A fungus (Lair:6)
  2 plants (D:8)
1514 creatures vanquished.

Vanquished Creatures (collateral kills)
  2 entropy weavers (Lair:4)
  An orc knight (Orc:2)
  An orc sorcerer (Orc:1)
  An oklob plant (Lair:4)
  A soldier ant (Lair:4)
  3 orc warriors
  4 orc priests
  2 orc wizards (Orc:2)
  5 worker ants (Lair:4)
  14 orcs
34 creatures vanquished.

Vanquished Creatures (others)
  A ghost moth (Spider:4)
  A deep elf knight (Elf:3)
  An orb spider (Spider:1)
  A deep elf mage (Vaults:3)
  A yaktaur (Vaults:4)
  2 jumping spiders (Spider:4)
  A redback (Spider:4)
  A flying skull (Volcano)
  An orc wizard (Vaults:1)
  4 fungi
  3 plants (Lair:4)
17 creatures vanquished.

Grand Total: 1565 creatures vanquished

Notes
Turn   | Place    | Note
-------+----------+-------------------------------------------
     0 | D:1      | Duffy the Naga Fighter began the quest for the Orb.
     0 | D:1      | Reached XP level 1. HP: 21/21 MP: 1/1
    89 | D:1      | Reached XP level 2. HP: 25/28 MP: 2/2
   438 | D:1      | Reached XP level 3. HP: 34/34 MP: 3/3
   939 | D:2      | Found an iron altar of Okawaru.
   999 | D:2      | Reached skill level 1 in Evocations
  1384 | D:3      | Reached XP level 4. HP: 42/42 MP: 5/5
  1387 | D:3      | Reached skill level 3 in Axes
  1468 | D:2      | Noticed Robin
  1540 | D:2      | Killed Robin
  2245 | D:3      | Found a glowing silver altar of Zin.
  2246 | D:3      | Found an opulent altar of Gozag.
  2347 | D:3      | Reached XP level 5. HP: 46/49 MP: 6/6
  2649 | D:4      | Noticed an ogre
  2671 | D:4      | Killed an ogre
  2685 | D:4      | Reached XP level 6. HP: 12/56 MP: 8/8
  2965 | D:4      | Found a sparkling altar of Nemelex Xobeh.
  3099 | D:4      | Found Qemuah's Food Emporium.
  3121 | D:5      | Entered Level 5 of the Dungeon
  3190 | D:5      | Reached skill level 4 in Axes
  3364 | D:5      | Reached XP level 7. HP: 48/62 MP: 10/10
  3607 | D:5      | Noticed Ijyb
  3630 | D:5      | Killed Ijyb
  3946 | D:5      | Reached skill level 5 in Evocations
  4617 | D:4      | Reached skill level 5 in Axes
  4617 | D:4      | Reached XP level 8. HP: 33/69 MP: 11/11
  4951 | D:4      | Reached skill level 5 in Shields
  5649 | D:6      | Reached skill level 6 in Axes
  5691 | D:6      | Found a sand-covered staircase.
  5697 | Ossuary  | Entered an ossuary
  6149 | D:6      | Found a staircase to the Ecumenical Temple.
  6154 | Temple   | Entered the Ecumenical Temple
  6218 | Temple   | Became a worshipper of Makhleb the Destroyer
  6301 | D:6      | Reached skill level 7 in Axes
  6431 | D:6      | Reached XP level 9. HP: 72/75 MP: 12/12
  6531 | D:6      | Found an ancient bone altar of Kikubaaqudgha.
  6995 | D:7      | Found a blossoming altar of Fedhas.
  6999 | D:7      | Noticed a troll
  7018 | D:8      | Killed a troll
  7142 | D:7      | Reached skill level 8 in Axes
  7319 | D:7      | Found a hide-covered altar of Uskayaw.
  7557 | D:7      | Reached * piety under Makhleb
  7599 | D:7      | Found the +7 Singing Sword {vorpal, sonic wave}
  7879 | D:7      | Reached XP level 10. HP: 87/87 MP: 13/13
  7899 | D:7      | Reached skill level 9 in Axes
  7912 | D:7      | Reached skill level 5 in Fighting
  8143 | D:7      | Noticed Duvessa
  8143 | D:7      | Noticed Dowan
  8154 | D:7      | Killed Duvessa
  8174 | D:7      | Killed Dowan
  8254 | D:7      | Found a glowing golden altar of the Shining One.
  8880 | D:8      | Noticed a two-headed ogre
  8891 | D:8      | Reached ** piety under Makhleb
  8895 | D:8      | Killed a two-headed ogre
  9025 | D:8      | Got a slimy quarterstaff
  9637 | D:9      | Reached skill level 10 in Axes
  9654 | D:9      | Got a brightly glowing short sword
  9716 | D:9      | You fall into a shaft and drop 3 floors!
  9753 | D:12     | Noticed a white ugly thing
  9763 | D:12     | Killed a white ugly thing
  9910 | D:12     | Found Muhifiop's Assorted Antiques.
  9923 | D:12     | Reached XP level 11. HP: 81/100 MP: 14/14
  9948 | D:12     | Bought a scroll labeled LORUGA KALUWUGG for 26 gold pieces
  9948 | D:12     | Bought a scroll of identify for 52 gold pieces
 10114 | D:10     | Entered Level 10 of the Dungeon
 10213 | D:10     | Reached *** piety under Makhleb
 10293 | D:9      | Reached skill level 1 in Dodging
 10881 | D:9      | Found a glowing golden altar of the Shining One.
 10979 | D:9      | Found a bloodstained altar of Trog.
 11014 | D:9      | Found a staircase to the Lair.
 12122 | D:11     | Reached **** piety under Makhleb
 12248 | D:11     | Identified a scroll of acquirement
 12385 | D:11     | Noticed a two-headed ogre
 12395 | D:11     | Killed a two-headed ogre
 12473 | D:11     | Noticed a two-headed ogre
 12481 | D:11     | Reached skill level 11 in Axes
 12532 | D:11     | Killed a two-headed ogre
 12532 | D:11     | Reached skill level 5 in Armour
 12532 | D:11     | Reached XP level 12. HP: 110/110 MP: 15/15
 12840 | D:11     | Noticed Urug
 12859 | D:11     | Killed Urug
 12859 | D:11     | Reached skill level 5 in Dodging
 13006 | D:11     | Reached skill level 12 in Axes
 13567 | D:12     | Bought a scroll of teleportation for 78 gold pieces
 13567 | D:12     | Bought 2 potions of heal wounds for 260 gold pieces
 13567 | D:12     | Bought a potion of lignification for 78 gold pieces
 13678 | D:12     | Reached ***** piety under Makhleb
 13874 | D:12     | Found Peutzuc's Antique Armour Shoppe.
 14237 | D:12     | Found a roughly hewn altar of Beogh.
 14237 | D:12     | Found a staircase to the Orcish Mines.
 14593 | D:12     | Bought a bloodstained hat for 144 gold pieces
 14593 | D:12     | Bought brightly glowing swamp dragon scales for 880 gold
                  | pieces
 14593 | D:12     | Identified the +2 swamp dragon scales "Ojymuus" {rElec
                  | rPois rF- Int+5} (You bought it in a shop on level 12 of
                  | the Dungeon)
 14604 | D:12     | Identified the cursed +0 hat "Forget-Me-Not" {+Inv rElec
                  | rF- Int-4} (You bought it in a shop on level 12 of the
                  | Dungeon)
 14615 | D:12     | Bought a glowing plate armour for 416 gold pieces
 14732 | Lair:1   | Entered Level 1 of the Lair of Beasts
 15000 | Lair:1   | Noticed a four-headed hydra
 15016 | Lair:1   | Killed a four-headed hydra
 15112 | Lair:1   | Identified the +8 halberd "Waukeb" {vorpal, *Rage *Drain
                  | rElec SInv} (You acquired it on level 1 of the Lair of
                  | Beasts)
 15952 | Lair:2   | Noticed a five-headed hydra
 15968 | Lair:2   | Killed a five-headed hydra
 16235 | Lair:2   | Noticed a catoblepas
 16259 | Lair:2   | Killed a catoblepas
 16259 | Lair:2   | Gained mutation: You can use your snake-like lower body to
                  | constrict enemies. [Naga growth]
 16259 | Lair:2   | Reached XP level 13. HP: 87/117 MP: 16/16
 17128 | Lair:3   | Noticed Rupert
 17155 | Lair:3   | Killed Rupert
 17155 | Lair:3   | Reached skill level 10 in Armour
 17420 | Lair:3   | Found a hole to the Spider Nest.
 18210 | Lair:4   | Noticed an entropy weaver
 18213 | Lair:4   | Noticed an entropy weaver
 18794 | Lair:5   | Reached skill level 1 in Invocations
 18962 | Lair:5   | Gained mutation: Your spells are a little easier to cast,
                  | but a little less powerful. [potion of mutation]
 18962 | Lair:5   | Gained mutation: You are partially covered in yellow
                  | scales. (AC +2) [potion of mutation]
 18962 | Lair:5   | Gained mutation: You passively map a small area around you.
                  | [potion of mutation]
 18962 | Lair:5   | Gained mutation: Your tail ends in a poisonous barb.
                  | [potion of mutation]
 19320 | Lair:4   | Killed an entropy weaver
 19491 | Lair:4   | Found a staircase to the Swamp.
 19753 | Lair:4   | Killed an entropy weaver
 19855 | Lair:4   | Reached XP level 14. HP: 121/126 MP: 18/18
 19930 | Lair:4   | Reached skill level 5 in Invocations
 20336 | Lair:6   | Entered Level 6 of the Lair of Beasts
 20612 | Lair:6   | Found a shimmering altar of Xom.
 20763 | Lair:6   | Found a staircase to the Slime Pits.
 21645 | Lair:6   | Found a large runed translucent door.
 21646 | Lair:6   | Found a large runed translucent door.
 22206 | Orc:1    | Entered Level 1 of the Orcish Mines
 22206 | Orc:1    | Noticed an orc warlord
 22232 | Orc:1    | Killed an orc warlord
 22248 | Orc:1    | Paralysed by an orc sorcerer for 3 turns
 22310 | Orc:1    | Found a dark tunnel.
 22328 | Volcano  | Entered a volcano
 22947 | Orc:1    | Noticed Erica
 22955 | Orc:1    | Killed Erica
 22973 | Orc:1    | Found a roughly hewn altar of Beogh.
 23106 | Orc:1    | Found Nawuakh's Weapon Shop.
 23223 | Orc:1    | Found Osiankid's Distillery.
 23232 | Orc:1    | Bought a potion of invisibility for 120 gold pieces
 23476 | Orc:2    | Entered Level 2 of the Orcish Mines
 23496 | Orc:2    | Reached skill level 13 in Axes
 23499 | Orc:2    | Reached XP level 15. HP: 138/138 MP: 20/20
 23570 | Orc:2    | Reached skill level 10 in Fighting
 23586 | Orc:2    | Found a staircase to the Elven Halls.
 23586 | Orc:2    | Found Jidif's General Store.
 23736 | Orc:2    | Found a roughly hewn altar of Beogh.
 23758 | Orc:2    | Found Mirig's Weapon Shoppe.
 23804 | Orc:2    | Found a roughly hewn altar of Beogh.
 23813 | Orc:2    | Reached ****** piety under Makhleb
 23852 | Orc:2    | Found a roughly hewn altar of Beogh.
 23854 | Orc:2    | Found Qahorch's Antique Weapon Shop.
 23998 | Orc:2    | Found a roughly hewn altar of Beogh.
 24378 | Orc:2    | Found a roughly hewn altar of Beogh.
 24557 | Orc:2    | Noticed Saint Roka
 25336 | Orc:2    | Killed Saint Roka
 25337 | Orc:2    | Found Saanwe's Antique Armour Emporium.
 25337 | Orc:2    | Found a roughly hewn altar of Beogh.
 25338 | Orc:2    | Found Veoh's Antique Weapon Shoppe.
 25513 | Orc:2    | Bought a scroll of vulnerability for 135 gold pieces
 25836 | D:13     | Found a gate to the Vaults.
 25987 | D:13     | Reached skill level 14 in Axes
 27633 | D:15     | Entered Level 15 of the Dungeon
 27659 | D:15     | Identified the amulet "Samillit" {rN+ Regen+ Str-3 Int+2}
                  | (You acquired it on level 15 of the Dungeon)
 28023 | D:15     | Reached XP level 16. HP: 146/146 MP: 21/21
 28138 | D:15     | Found a staircase to the Depths.
 28251 | D:15     | Reached skill level 15 in Axes
 28341 | D:15     | Reached skill level 10 in Dodging
 28808 | Orc:1    | Bought a potion of mutation for 120 gold pieces
 28808 | Orc:1    | Bought a potion of flight for 45 gold pieces
 28808 | Orc:1    | Bought a potion of curing for 45 gold pieces
 28808 | Orc:1    | Bought a potion of flight for 45 gold pieces
 28808 | Orc:1    | Lost mutation: Your tail ends in a poisonous barb. [potion
                  | of mutation]
 28808 | Orc:1    | Lost mutation: Your spells are a little easier to cast, but
                  | a little less powerful. [potion of mutation]
 28808 | Orc:1    | Gained mutation: You are partially covered in thin metallic
                  | scales. (AC +2) [potion of mutation]
 28808 | Orc:1    | Gained mutation: You have a pair of small antennae on your
                  | head. [potion of mutation]
 28808 | Orc:1    | Gained mutation: You are agile. (Dex +2) [potion of
                  | mutation]
 28861 | Elf:1    | Entered Level 1 of the Elven Halls
 29576 | Elf:1    | Got a pitted morningstar
 29890 | Elf:1    | Reached skill level 16 in Axes
 29913 | Elf:1    | Found a portal to a secret trove of treasure.
 30419 | Elf:1    | Identified the +6 scale mail "Imiawk" {Str+5 Int-2} (You
                  | found it on level 1 of the Elven Halls)
 30688 | Elf:2    | Found a runed translucent gate.
 30688 | Elf:2    | Found a runed translucent gate.
 30688 | Elf:2    | Found a runed translucent gate.
 31049 | Elf:3    | Entered Level 3 of the Elven Halls
 31091 | Elf:3    | Found Duaxyvatt's General Store.
 31126 | Elf:3    | Bought a scroll of identify for 24 gold pieces
 31126 | Elf:3    | Bought a potion of curing for 36 gold pieces
 31126 | Elf:3    | Bought a potion of curing for 36 gold pieces
 31186 | Elf:3    | Bought a potion of flight for 36 gold pieces
 31309 | Elf:3    | Reached XP level 17. HP: 155/162 MP: 22/22
 32077 | Spider:1 | Entered Level 1 of the Spider Nest
 32098 | Spider:1 | Found a frozen archway.
 32116 | IceCv    | Entered an ice cave
 32361 | IceCv    | Noticed an Ice Fiend
 32374 | IceCv    | Killed an Ice Fiend
 32904 | Spider:1 | Noticed Louise
 32925 | Spider:1 | Killed Louise
 33013 | Spider:1 | You fall into a shaft and drop 1 floor!
 34176 | Spider:1 | Noticed Nikola
 34189 | Spider:1 | Killed Nikola
 35000 | Spider:3 | Reached skill level 15 in Fighting
 35000 | Spider:3 | Reached skill level 10 in Shields
 35788 | Spider:3 | Reached XP level 18. HP: 178/178 MP: 23/23
 36127 | Spider:4 | Entered Level 4 of the Spider Nest
 36208 | Spider:4 | Noticed Mara
 36240 | Spider:4 | Killed Mara
 36383 | Spider:4 | Identified Roxanne's Disquisition on Transmutation
 36383 | Spider:4 | Noticed Roxanne
 36402 | Spider:4 | Killed Roxanne
 36600 | Spider:4 | Noticed Arachne
 36620 | Spider:4 | Killed Arachne
 37016 | Spider:4 | Got a gossamer rune of Zot
 37622 | Vaults:1 | Entered Level 1 of the Vaults
 37858 | Vaults:1 | Noticed Aizul
 37875 | Vaults:1 | Killed Aizul
 37907 | Vaults:1 | Found Nusoczi's General Store.
 37969 | Vaults:1 | Bought a potion of might for 52 gold pieces
 38035 | Vaults:1 | Identified the +4 rapier of Misery {speed, rN+ MR+}
 38037 | Vaults:1 | Reached XP level 19. HP: 186/186 MP: 24/24
 38069 | Vaults:1 | Paralysed by an orc sorcerer for 5 turns
 38574 | Vaults:1 | Reached skill level 15 in Shields
 39135 | Vaults:2 | Reached skill level 10 in Evocations
 39417 | Vaults:2 | Noticed Boris
 39433 | Vaults:2 | Killed Boris
 39806 | Vaults:2 | Noticed a bone dragon
 39840 | Vaults:2 | Killed a bone dragon
 39841 | Vaults:2 | Found a staircase to the Crypt.
 40306 | Vaults:2 | Reached XP level 20. HP: 191/194 MP: 25/27
 41883 | Vaults:3 | Found Bonul's Antique Weapon Emporium.
 42979 | Vaults:4 | Noticed Margery
 43004 | Vaults:4 | Killed Margery
 43142 | Vaults:4 | Found a large runed translucent door.
 43142 | Vaults:4 | Found a large runed translucent door.
 43142 | Vaults:4 | Found a large runed translucent door.
 43142 | Vaults:4 | Found a large runed translucent door.
 43143 | Vaults:4 | Found a large runed translucent door.
 43143 | Vaults:4 | Found a large runed translucent door.
 43143 | Vaults:4 | Found a large runed translucent door.
 43143 | Vaults:4 | Found a large runed translucent door.
 43143 | Vaults:4 | Noticed Owio's ghost (adept MiGl)
 43576 | Vaults:4 | Reached XP level 21. HP: 197/201 MP: 24/28
 45691 | Elf:3    | Identified the Incunabulum of Doomed Curses
 45802 | Elf:3    | Got an encrusted quarterstaff
 45807 | Elf:3    | Got a scorched bone ring
 45808 | Elf:3    | Identified the ring "Danaim" {+Fly rElec rF- MR- Dex+3}
                  | (You found it on level 3 of the Elven Halls)
 45834 | Elf:3    | Identified the Almanac of Protection and the Compass
 45842 | Elf:3    | Identified the Compendium of Calling and Protection
 46030 | Elf:3    | Found the +9 heavy crossbow "Sniper" {vorpal, Acc+∞ SInv}
 46092 | Elf:3    | Got a faintly humming robe
 46117 | Elf:3    | Got a faintly humming plate armour
 46118 | Elf:3    | Identified the +7 plate armour "Wuophogg" {rPois rF++ rC+}
                  | (You found it on level 3 of the Elven Halls)
 46132 | Elf:3    | Identified Tuinebb's Grimoire of Bewitching Confrontation
 46255 | Elf:1    | You paid a toll of 4 potions of resistance to enter a
                  | treasure trove
 46256 | Trove    | Entered a treasure trove
 46287 | Trove    | Got a sparkling jade amulet
 46289 | Trove    | Got a bound ruby amulet
 46291 | Trove    | Got a brightly glowing sapphire amulet
 46309 | Trove    | Found the +10 zealot's sword {holy, *Rage rN+ EV+3}
 46349 | Trove    | Identified the amulet "Amouzimucu" {Faith Int+4} (You found
                  | it in a treasure trove)
 46350 | Trove    | Identified the amulet "Qeziwu" {Regen+ Dex+2} (You found it
                  | in a treasure trove)
 46351 | Trove    | Identified the amulet of Bodudgh {Spirit rElec Dex+4 SInv}
                  | (You found it in a treasure trove)
 46500 | Elf:1    | Reached skill level 15 in Armour
 46500 | Elf:1    | Reached XP level 22. HP: 210/210 MP: 29/29
 46501 | Elf:1    | Lost mutation: You are agile. (Dex +2) [potion of mutation]
 46501 | Elf:1    | Lost mutation: You are partially covered in yellow scales.
                  | (AC +2) [potion of mutation]
 46501 | Elf:1    | Gained mutation: Your muscles are strong. (Str +2) [potion
                  | of mutation]
 46501 | Elf:1    | Gained mutation: You possess an exceptional clarity of
                  | mind. [potion of mutation]
 46501 | Elf:1    | Gained mutation: You are robust. (+10% HP) [potion of
                  | mutation]
 46502 | Elf:1    | Lost mutation: You are partially covered in thin metallic
                  | scales. (AC +2) [potion of mutation]
 46502 | Elf:1    | Lost mutation: You are robust. (+10% HP) [potion of
                  | mutation]
 46502 | Elf:1    | Lost mutation: You passively map a small area around you.
                  | [potion of mutation]
 46502 | Elf:1    | Gained mutation: You can exhale a cloud of poison. [potion
                  | of mutation]
 46502 | Elf:1    | Gained mutation: Your flesh is heat resistant. (rF+)
                  | [potion of mutation]
 46502 | Elf:1    | Lost mutation: Your muscles are strong. (Str +2) [potion of
                  | mutation]
 46502 | Elf:1    | Gained mutation: You are agile. (Dex +2) [potion of
                  | mutation]
 46503 | Elf:1    | Lost mutation: You can exhale a cloud of poison. [potion of
                  | mutation]
 46503 | Elf:1    | Lost mutation: Your flesh is heat resistant. (rF+) [potion
                  | of mutation]
 46503 | Elf:1    | Lost mutation: You possess an exceptional clarity of mind.
                  | [potion of mutation]
 46503 | Elf:1    | Gained mutation: You are occasionally teleported next to
                  | monsters. [potion of mutation]
 46503 | Elf:1    | Gained mutation: You expend magic power (3 MP) to
                  | strengthen your wands. [potion of mutation]
 46503 | Elf:1    | Lost mutation: You have a pair of small antennae on your
                  | head. [potion of mutation]
 46503 | Elf:1    | Gained mutation: You evolve. [potion of mutation]
 46504 | Elf:1    | Lost mutation: You are agile. (Dex +2) [potion of mutation]
 46504 | Elf:1    | Lost mutation: You expend magic power (3 MP) to strengthen
                  | your wands. [potion of mutation]
 46504 | Elf:1    | Lost mutation: You evolve. [potion of mutation]
 46504 | Elf:1    | Lost mutation: You are occasionally teleported next to
                  | monsters. [potion of mutation]
 46504 | Elf:1    | Gained mutation: Your mind is acute. (Int +2) [potion of
                  | mutation]
 46504 | Elf:1    | Gained mutation: You are clumsy. (Dex -2) [potion of
                  | mutation]
 46504 | Elf:1    | Gained mutation: Your muscles are strong. (Str +2) [potion
                  | of mutation]
 46505 | Elf:1    | Lost mutation: You are clumsy. (Dex -2) [potion of
                  | mutation]
 46505 | Elf:1    | Lost mutation: Your muscles are strong. (Str +2) [potion of
                  | mutation]
 46505 | Elf:1    | Lost mutation: Your mind is acute. (Int +2) [potion of
                  | mutation]
 46505 | Elf:1    | Gained mutation: You are agile. (Dex +2) [potion of
                  | mutation]
 46505 | Elf:1    | Gained mutation: You evolve. [potion of mutation]
 46764 | Depths:1 | Entered Level 1 of the Depths
 46921 | Depths:1 | Found a one-way gate leading to the halls of Pandemonium.
 46959 | Depths:1 | Noticed Boris
 46981 | Depths:1 | Killed Boris
 46981 | Depths:1 | Blown up by Boris

Illustrated notes

Levels and vault maps discovered:
D:1:      enne_arrival_octagon_isle, layout_basic, serial_bayou,
          serial_bayou_crossing, serial_bayou_pond_d, serial_bayou_pond_a,
          serial_bayou_ford_a
D:2:      wander_river, layout_rooms, kennysheep_okawaru_gauntlet, uniq_robin
D:3:      layout_loops_corners, grunt_temple_overflow_gold_and_silver
D:4:      layout_loops_corners, nemelex_xobeh_ov_fountains_minmay, first_ration,
          serial_shops, shop
D:5:      layout_loops_ring, nrook_campfire, hex_medium, uniq_ijyb
D:6:      layout_basic, lemuel_zombie_altar_kikubaaqudgha,
          minmay_temple_entry_tees, gup_ossuary_entry_pyramid,
          hangedman_minor_gate_pass
D:7:      old_forge, layout_basic, eat_drink_and_be_merry_uskayaw,
          fedhas_bush_and_centaur_altar, grunt_livestock, minmay_ruined_shrine,
          uniq_duvessa
D:8:      layout_gridville, serial_bayou, serial_bayou_lagoon_a,
          serial_bayou_pond_c, serial_bayou_pond_e, serial_bayou_lake_a
D:9:      layout_stronghold, bloody_trog, overflow_temple_1_default,
          david_lair_generic, minivault_8
D:10:     layout_loops_ring, chequers_serial_rivers_micro_c
D:11:     layout_stronghold, st_stairs_10, uniq_urug
D:12:     layout_loops_cross, david_orc_5, serial_shops, shop, shop,
          minmay_unpleasant_kobolds
D:13:     layout_stronghold, skrybe_vaults_entry_preservation
D:14:     layout_roguey, solitary_fountain
D:15:     hangedman_depths_entry_try_elsewhere_first, layout_loops_ring,
          hangedman_decor_opposing
Temple:   zaba_magenta_temple
Lair:1:   layout_regular_city, lemuel_fruit_fields
Lair:2:   layout_cave_pods, grunt_megastairs_5, lemuel_fruit_fields
Lair:3:   layout_concentric_octagons, nicolae_spider_entry_orb_guardian,
          uniq_rupert
Lair:4:   layout_cave_pods, skrybe_swamp_entry_bodies, zaba_anthell,
          minmay_lair_oklob_chamber
Lair:5:   layout_roguey
Lair:6:   cheibrodos_lair_end_hotspot, layout_gridlike, dpeg_slime_entry_corner,
          basic_altar, lemuel_old_faithful
Spider:1: layout_spider_delve, portal_ice_cave_entry_pillars_three, drop_trap,
          uniq_nikola, uniq_louise
Spider:2: layout_chambers, hive_lemuel
Spider:3: layout_chambers, nicolae_spider_shape
Spider:4: spider_rune_water, drop_trap, uniq_mara, uniq_arachne, uniq_roxanne
Orc:1:    layout_diamond_mine, serial_shops, nicolae_shop_trees,
          nicolae_shop_statue_plus, enter_volcano_2, minmay_orc_temple_a,
          uniq_erica
Orc:2:    grunt_orc_community_town_hall, layout_caves,
          grunt_orc_community_big_house_2, grunt_orc_community_big_house_2,
          grunt_orc_community_house_1, grunt_orc_community_house_2,
          grunt_orc_community_house_2, grunt_orc_community_house_3,
          grunt_orc_community_house_2, grunt_orc_community_house_3,
          serial_shops, nicolae_shop_temple_entry_statues_fountains
Elf:1:    layout_geoelf_grid, enter_trove_2, kennysheep_underground_church,
          minmay_misc_feat_columns
Elf:2:    layout_geoelf_grid
Elf:3:    minmay_elf_hall, layout_loops_ring, serial_shops,
          nicolae_shop_temple_entry_statues_fountains, minivault_25,
          roderic_roman_lattice
Vaults:1: hangedman_vaults_unwind, hangedman_vaults_hat, v_misc_10,
          ontoclasm_vaults_hangar, dpeg_vaults_waves, hangedman_vaults_locks,
          hangedman_vaults_variations, vaults_room_pool, nicolae_vaults_theta,
          layout_vaults_big_room, serial_shops, shop, uniq_aizul
Vaults:2: hangedman_vaults_snaps, minmay_crypt_entry_nasty_monster,
          nicolae_vaults_mini_display_case, nicolae_vaults_little_squares_3,
          vaults_standard_mumra_enter_the_diamond, v_pattern_3,
          hangedman_vaults_corner, grunt_vaults_hallway_short,
          nicolae_vaults_bisected_exclaves, nicolae_vaults_little_squares_3,
          layout_vaults_quadrants, uniq_boris
Vaults:3: dpeg_vaults_monster_box, v_alt_pattern_1, ontoclasm_vaults_misaligned,
          vaults_standard_mumra_x, vaults_dpeg_encased_lava,
          hangedman_vaults_trim, nicolae_vaults_specimen_jars,
          nicolae_vaults_rhombus_5, ontoclasm_vaults_pinch,
          nicolae_vaults_big_ls, vaults_dpeg_doors, vaults_standard_mumra_lines,
          hangedman_vaults_nails, ontoclasm_vaults_ligature,
          nicolae_vaults_angled_halls, layout_vaults_maze, serial_shops, shop
Vaults:4: advil_vaults_ghost_lines, serial_ice_b, v_misc_24, v_alt_pattern_2,
          hangedman_vaults_nails, vaults_room_semicircle, grunt_vaults_bifocal,
          hangedman_vaults_nails, sword_in_stone,
          nicolae_vaults_little_squares_5, ontoclasm_vaults_bender,
          ontoclasm_vaults_misaligned, ontoclasm_vaults_spin,
          hangedman_vaults_stretched_pinwheel, nicolae_vaults_network_s,
          v_misc_16, vaults_room_semicircle, v_pattern_2, layout_vaults_omnibox,
          uniq_margery
Depths:1: layout_cave_pools, enter_ziggurat_b, grunt_pan_entry_spiral,
          minmay_misc_feat_secret_circle, pf_hell_entry_tar_spiral,
          grunt_decor_arrowhead, nooodl_orcs_dogs

Skill      XL: |  1  2  3  4  5  6  7  8  9 10 11 12 13 14 15 16 17 18 19 20 21 |
---------------+----------------------------------------------------------------+-----
Shields        | 3 4 6 7 9 10 14 15 | 15.0
Evocations     | 1 2 3 4 5 6 7 10 | 10.0
Axes           | 3 4 5 7 8 10 11 12 13 14 16 | 16.0
Fighting       | 4 7 8 9 10 12 15 | 15.0
Dodging        | 4 5 6 9 10 12 14 | 14.6
Armour         | 5 9 11 12 13 15 | 15.0
Invocations    | 4 7 |  7.0

Action                   |  1- 3 |  4- 6 |  7- 9 | 10-12 | 13-15 | 16-18 | 19-21 | 22-24 || total
-------------------------+-------+-------+-------+-------+-------+-------+-------+-------++-------
Melee: War axe           |    96 |   147 |   387 |   904 |  1249 |  1558 |  1292 |   120 ||  5753
       Trident           |       |       |       |    20 |    10 |       |       |       ||    30
       Constrict         |       |       |       |       |   257 |   293 |   206 |    17 ||   773
       Tailslap          |       |       |       |       |   200 |    20 |       |       ||   220
Throw: Dart              |       |       |       |       |       |       |     1 |       ||     1
Invok: Lesser Servant of |       |       |       |       |    14 |       |       |       ||    14
       Minor Destruction |       |       |       |       |    17 |       |       |       ||    17
 Abil: Spit Poison       |     7 |     7 |     6 |       |       |       |       |       ||    20
       Evoke Berserk Rag |     1 |     4 |     2 |    16 |     6 |       |       |       ||    29
       Evoke Invisibilit |       |       |       |       |       |     1 |     4 |       ||     5
Evoke: Wand              |       |       |       |     8 |     8 |     1 |     4 |       ||    21
  Use: Scroll            |       |     6 |    12 |    16 |     9 |     4 |     6 |     1 ||    54
       Potion            |       |       |     4 |     2 |     4 |     3 |     1 |     5 ||    19
 Stab: Distracted        |       |       |     1 |       |     3 |       |     1 |       ||     5
       Invisible         |       |       |       |       |       |    21 |    15 |       ||    36
  Eat: Chunk             |     1 |    10 |     9 |    19 |    18 |    17 |    18 |       ||    92
       Ration            |       |       |     2 |     6 |     6 |     4 |     2 |     2 ||    22
Armor: Scale mail        |    72 |    96 |   235 |   256 |       |   616 |   322 |       ||  1597
       Skin              |       |       |    40 |       |     5 |       |       |       ||    45
       Chain mail        |       |       |       |   135 |   386 |       |       |       ||   521
       Leather armour    |       |       |       |       |    14 |       |       |       ||    14
       Fire dragon scale |       |       |       |       |     1 |       |       |       ||     1
       Plate armour      |       |       |       |       |   208 |   173 |       |    37 ||   418
Dodge: Dodged            |    31 |    35 |    95 |   242 |   307 |   510 |   330 |    31 ||  1581
Block: Kite shield       |    62 |    81 |   251 |   513 |   694 |   278 |       |       ||  1879
       Tower shield      |       |       |       |       |       |   905 |   966 |   101 ||  1972

Table legend:
 A = Non-vault XP
 B = Vault XP
 C = Vault XP percentage of total XP
 D = Non-vault monster count
 E = Vault monster count
 F = Vault count percentage of total count
                 A         B        C        D         E       F
            +---------+---------+-------+---------+---------+-------
      Total |  295157 |  284504 |  49.1 |     972 |     579 |  37.3
            +---------+---------+-------+---------+---------+-------
        D:1 |      42 |       0 |   0.0 |      24 |       0 |   0.0
        D:2 |      31 |      25 |  44.6 |      14 |       6 |  30.0
        D:3 |      98 |      16 |  14.0 |      20 |       8 |  28.6
        D:4 |     645 |       0 |   0.0 |      21 |       0 |   0.0
        D:5 |     394 |      38 |   8.8 |      13 |       1 |   7.1
        D:6 |     841 |     167 |  16.6 |      17 |       7 |  29.2
        D:7 |     990 |    1837 |  65.0 |      24 |      28 |  53.8
        D:8 |    2784 |       0 |   0.0 |      37 |       0 |   0.0
        D:9 |    1226 |    2623 |  68.1 |      19 |       8 |  29.6
       D:10 |    1949 |       0 |   0.0 |      32 |       0 |   0.0
       D:11 |    6824 |    1170 |  14.6 |      43 |       3 |   6.5
       D:12 |    4099 |    1400 |  25.5 |      26 |      29 |  52.7
       D:13 |    5274 |    4180 |  44.2 |      27 |       9 |  25.0
       D:14 |    6707 |       0 |   0.0 |      41 |       0 |   0.0
       D:15 |   16590 |    2172 |  11.6 |      57 |       3 |   5.0
     Lair:1 |    2457 |       0 |   0.0 |       7 |       0 |   0.0
     Lair:2 |    4667 |     607 |  11.5 |      11 |       2 |  15.4
     Lair:3 |    3124 |    4034 |  56.4 |      18 |       4 |  18.2
     Lair:4 |    7120 |    7661 |  51.8 |      25 |      47 |  65.3
     Lair:5 |    2387 |       0 |   0.0 |      12 |       0 |   0.0
     Lair:6 |    6417 |    8825 |  57.9 |      23 |      30 |  56.6
   Spider:1 |   20037 |    4728 |  19.1 |      67 |       2 |   2.9
   Spider:2 |    2226 |     875 |  28.2 |       7 |      14 |  66.7
   Spider:3 |   15283 |    2446 |  13.8 |      43 |       8 |  15.7
   Spider:4 |   10770 |   35594 |  76.8 |      28 |      46 |  62.2
      Orc:1 |    3554 |    1140 |  24.3 |      37 |       9 |  19.6
      Orc:2 |    7086 |   11390 |  61.6 |      36 |      72 |  66.7
      Elf:1 |   18036 |    3995 |  18.1 |      28 |       6 |  17.6
      Elf:2 |   18219 |   21067 |  53.6 |      29 |      25 |  46.3
      Elf:3 |   16497 |   38161 |  69.8 |      26 |      23 |  46.9
   Vaults:1 |   29070 |   38139 |  56.7 |      51 |      43 |  45.7
   Vaults:2 |   21227 |   24850 |  53.9 |      32 |      21 |  39.6
   Vaults:3 |   16298 |   18467 |  53.1 |      31 |      29 |  48.3
   Vaults:4 |   24717 |   31341 |  55.9 |      34 |      35 |  50.7
   Depths:1 |   17471 |    3375 |  16.2 |      12 |      12 |  50.0
    Ossuary |       0 |     283 | 100.0 |       0 |      13 | 100.0
      IceCv |       0 |    9552 | 100.0 |       0 |      24 | 100.0
    Volcano |       0 |    4346 | 100.0 |       0 |      12 | 100.0
            +---------+---------+-------+---------+---------+-------
